 Dungeon Crawl Stone Soup version 0.30-a0-672-gc3a7216ad8 (webtiles) character file.

Game seed: 1117965043575672771

113 wormed the Trooper (level 4, 0/37 HPs)
             Began as a Demonspawn Chaos Knight on Jan 18, 2023.
             Was a Plaything of Xom.
             Killed by divine providence
             ... invoked by an orc priest
              (8 damage)
             ... on level 3 of the Dungeon.
             The game lasted 00:02:25 (1845 turns).

wormed the Trooper (Demonspawn Chaos Knight)        Turns: 1845, Time: 00:02:26

Health: 0/37       AC:  6    Str: 16      XL:     4   Next: 65%
Magic:  4/4        EV: 12    Int: 14      God:    Xom [..*...]
Gold:   164        SH:  0    Dex: 11 (12) Spells: 3/3 levels left

rFire   . . .      SeeInvis .    a - +0 spear (chaos)
rCold   . . .      Faith    .    (no shield)
rNeg    . . .      Spirit   .    b - +2 leather armour
rPois   .          Reflect  .    (no helmet)
rElec   .          Harm     .    f - +0 cloak
rCorr   .          Rampage  .    (no gloves)
Will    .....                    (no boots)
Stlth   +                        (no amulet)
HPRegen 0.26/turn                e - +4 ring of slaying
MPRegen 0.09/turn                (no ring)

@: liquefying, slowed movement, very slow
A: demonic magic 1, strong 1
a: Renounce Religion


You were on level 3 of the Dungeon.
You worshipped Xom.
You were a toy of Xom.
You visited 1 branch of the dungeon, and saw 4 of its levels.

You collected 164 gold pieces.

Inventory:

Hand Weapons
 a - a +0 spear of chaos (weapon)
Armour
 b - a +2 leather armour (worn)
 f - a +0 cloak (worn)
Jewellery
 e - a +4 ring of slaying (left hand)
Scrolls
 d - a scroll of teleportation (quivered)
 g - a scroll of acquirement {unknown}
 i - 3 scrolls of identify {unknown}
 j - a scroll of fog {unknown}
 k - a scroll of amnesia {unknown}
 l - 2 scrolls of noise {unknown}
 m - 2 scrolls of immolation {unknown}
Miscellaneous
 c - a piece from Xom's chessboard (15/15)


   Skills:
 + Level 3.9 Fighting
 + Level 3.5 Polearms
 - Level 2.0 Armour
 + Level 2.3 Dodging


You had 3 spell levels left.
You didn't know any spells.
Your spell library contained the following spells:

 Spells                   Type           Power      Damage    Failure   Level
 Beastly Appendage        Tmut           0%         N/A       34%         1
 Ensorcelled Hibernation  Hex/Ice        0%         N/A       47%         2
 Lesser Beckoning         Tloc           0%         N/A       47%         2
 Passwall                 Tmut/Erth      0%         N/A       47%         2
 Wereblood                Tmut           0%         N/A       47%         2
 Gell's Gravitas          Tloc           0%         N/A       71%         3
 Spider Form              Tmut/Pois      0%         N/A       71%         3
 Swiftness                Air            0%         N/A       71%         3
 Teleport Other           Tloc           0%         N/A       71%         3


Dungeon Overview and Level Annotations

Branches:
Dungeon (4/15)
 Temple: D:4-7

Altars:
Qazlal


Innate Abilities, Weirdness & Mutations

Spells you cast may paralyse adjacent enemies.
Your muscles are strong. (Str +4, Int/Dex -1)


Message History

You are too injured to fight recklessly!
You are too injured to fight recklessly!
You are too injured to fight recklessly!
You are too injured to fight recklessly!
You are too injured to fight recklessly!
You are too injured to fight recklessly!
You are too injured to fight recklessly!
You are too injured to fight recklessly!
You are too injured to fight recklessly!
The orc priest hits you with a +0 whip. The phantom hits you.
There is a stone staircase leading up here.
The phantom hits you.
* * * LOW HITPOINT WARNING * * *
The orc priest hits you with a +0 whip.
* * * LOW HITPOINT WARNING * * *
You climb upwards.
There is a stone staircase leading down here.
The phantom attacks as you move away!
The phantom hits you but does no damage.
You hit the orc. You freeze the orc.
The orc is heavily wounded.
The orc becomes momentarily stuck in the liquid earth.
You hit the orc. You burn the orc.
You kill the orc!
You miss the phantom.
The phantom is severely damaged.
The phantom misses you.
You hit the phantom.
The phantom is almost destroyed.
The phantom hits you.
* * * LOW HITPOINT WARNING * * *
Your body deteriorates!
You feel clumsy.
The phantom blinks!
You blink.
It was a potion of mutation.
You feel extremely strange.
You feel clever.
You feel healthier.
You feel stronger.
Xom thinks this is hilarious!
The orc priest mumbles some strange prayers to Beogh against you.
Beogh smites you!
You die...
Xom snickers!

#)).#
#.###############.#......
#...# #.# #....#.#
#.#.>..## #...# #.#
##....#.# #.#....## #.).#
#.# #.......# #.#....##
#...#
#.###.#####.#####.#....##
#...#
#.#......................
#...#
#o#...#..###............#
#...# #).....W.#
#............#
#...###.#§###.@#
#............#
##'##....## ####
#####...)..... #....##.#
#.....#### ######....#
#......... #.........#
#.....###. #.####.#..#
####### #. #.# #.#.##
#####. #.#
#.#.##§§§§§8§§§§§# #.....
#.# #.#.##§§§§###§§§§#
#.....


You could see a phantom and an orc priest.

Vanquished Creatures
  5 adders
  2 worms (D:2)
  A dart slug (D:1)
  5 orcs (D:3)
  4 ball pythons
  2 bats (D:1)
  An endoplasm (D:3)
  2 giant cockroaches
  5 goblins
  3 hobgoblins
  4 jackals
  2 quokkas
  4 frilled lizards (D:1)
  11 kobolds
  3 rats
54 creatures vanquished.

Notes
Turn   | Place    | Note
-------+----------+-------------------------------------------
     0 | D:1      | wormed the Demonspawn Chaos Knight began the quest for the
                  | Orb.
     0 | D:1      | Reached XP level 1. HP: 18/18 MP: 1/1
    64 | D:1      | Reached skill level 1 in Dodging
   114 | D:1      | Gained mutation: Spells you cast may paralyse adjacent
                  | enemies. [demonic ancestry]
   114 | D:1      | Reached XP level 2. HP: 24/24 MP: 2/2
   131 | D:1      | XOM: silly message
   220 | D:1      | XOM: silly message
   273 | D:1      | You fall into a shaft and drop 1 floor!
   379 | D:2      | XOM: silly message
   429 | D:1      | Reached XP level 3. HP: 27/29 MP: 3/3
  1187 | D:2      | Reached XP level 4. HP: 36/36 MP: 4/4
  1466 | D:3      | XOM: cloud trail
  1721 | D:3      | Found a stormy altar of Qazlal.
  1772 | D:2      | XOM: give mutations
  1772 | D:2      | Gained mutation: You are dopey. (Int -2) [Xom's mischief]
  1772 | D:2      | Gained mutation: Your body sometimes deteriorates upon
                  | taking damage. [Xom's mischief]
  1772 | D:2      | Gained mutation: Your body often deteriorates upon taking
                  | damage. [Xom's mischief]
  1772 | D:2      | Lost mutation: Your body often deteriorates upon taking
                  | damage. [Xom's mischief]
  1830 | D:4      | Noticed a phantom
  1835 | D:4      | XOM: cast spell 'Leda's Liquefaction'
  1835 | D:4      | XOM: butterfly on damage
  1845 | D:3      | Lost mutation: You are dopey. (Int -2) [potion of mutation]
  1845 | D:3      | Lost mutation: Your body sometimes deteriorates upon taking
                  | damage. [potion of mutation]
  1845 | D:3      | Gained mutation: Your muscles are strong. (Str +4, Int/Dex
                  | -1) [potion of mutation]
  1845 | D:3      | Killed from afar by an orc priest

Illustrated notes

Levels and vault maps discovered:
D:1:      lemuel_arrival_tunnels, layout_rooms, chequers_jeans,
          dk_noncrumbling_2
D:2:      layout_loops_cross, chequers_serial_rivers_room_a
D:3:      cheibrodos_helix_gallery, layout_basic,
          nicolae_qazlal_eye_of_the_storm
D:4:      gammafunk_steamed_eel, layout_cave_pools, kennysheep_mini,
          ashenzari_conservatory_becter, grunt_temple_overflow_open,
          marbit_many_paths

Skill      XL: |  1  2  3 |
---------------+----------+-----
Dodging        | 1 2 |  2.3
Armour         | 2 |  2.0
Polearms       | 3 |  3.5
Fighting       | |  3.9

Action                   |  1- 3 |  4- 6 || total
-------------------------+-------+-------++-------
Melee: Spear             |    89 |    54 ||   143
  Use: Scroll            |     2 |       ||     2
       Potion            |       |     1 ||     1
 Stab: Sleeping          |     1 |     2 ||     3
       Confused          |       |     1 ||     1
Armor: Leather armour    |    13 |    14 ||    27
Dodge: Dodged            |    17 |    16 ||    33

Table legend: (Time is in decaauts)
 A = Elapsed time spent in this place.
 B = Non-inter-level travel time spent in this place.
 C = Inter-level travel time spent in this place.
 D = Time resting spent in this place.
 E = Time spent auto-exploring this place.
 F = Levels seen in this place.
 G = Mean time per level.
                   A        B        C        D        E       F      G
               +--------+--------+--------+--------+--------+-----+--------+
         Total |   1840 |   1704 |    136 |      0 |   1361 |   4 |  460.0 |
       Dungeon |   1840 |   1704 |    136 |      0 |   1361 |   4 |  460.0 |
               +--------+--------+--------+--------+--------+-----+--------+

Top non-repeatable levels by time:
     D:2: 755 daAuts
     D:1: 581 daAuts
     D:3: 492 daAuts
     D:4: 12 daAuts
